 Dungeon Crawl Stone Soup version 0.31.0-12-g77e489cdc1 (webtiles) character file.

Game seed: 11697782748927750901

4645 Doomgape the Fighter (level 10, -5/61 HPs)
             Began as a Gargoyle Fighter on Feb 23, 2024.
             Was a Priest of Hepliaklqana.
             Slain by a two-headed ogre
             ... wielding a +0 giant spiked club
              (19 damage)
             ... on level 8 of the Dungeon on Feb 24, 2024.
             The game lasted 00:20:42 (7153 turns).

Doomgape the Fighter (Gargoyle Fighter)             Turns: 7153, Time: 00:20:43

Health: -5/61      AC: 21    Str: 25    XL:     10   Next: 43%
Magic:  10/10      EV:  7    Int:  8    God:    Hepliaklqana [***...]
Gold:   520        SH:  6    Dex: 21    Spells: 9/9 levels left

rFire   + . .        r - +3 mace "Ageicuev" {venom, rElec Dex+6}
rCold   . . .        c - +0 buckler
rNeg    + . .        a - +0 plate armour
rPois   ∞            (no helmet)
rElec   +            (no cloak)
rCorr   .            (no gloves)
SInv    .            (no boots)
Will    .....        (no amulet) Stlth
                     w - ring of protection from fire
HPRegen 0.30/turn    j - +6 ring of dexterity
MPRegen 0.12/turn

%: no passive effects
@: no status effects
A: reduced essence, sickness immunity, AC +7, negative energy resistance 1,
electricity resistance, torment resistance 1, petrification resistance
a: Renounce Religion, Ancestor Life: Knight, Ancestor Life: Battlemage, Ancestor
Life: Hexer, Recall Ancestor, Ancestor Identity, Transference


You were on level 8 of the Dungeon.
You worshipped Hepliaklqana.
Hepliaklqana was most pleased with you.
You visited 2 branches of the dungeon, and saw 9 of its levels.

You collected 520 gold pieces.

Inventory:

Hand Weapons
 q - a +1 morningstar of flaming
 r - the +3 mace "Ageicuev" (weapon) {venom, rElec Dex+6}
   (You took it off a kobold on level 4 of the Dungeon)

   Dex+6:     It affects your dexterity (+6).
   rElec:     It insulates you from electricity.
Missiles
 v - a throwing net (quivered)
Armour
 a - a +0 plate armour (worn)
 b - a +0 tower shield
 c - a +0 buckler (worn)
Jewellery
 j - a +6 ring of dexterity (right hand)
 t - a ring of fire
 w - a ring of protection from fire (left hand)
Wands
 o - a wand of digging (4)
 u - a wand of light (2)
 x - a wand of flame (17)
Scrolls
 f - a scroll of silence
 h - 2 scrolls of identify
 i - 2 scrolls of vulnerability
 l - 5 scrolls of enchant weapon
 n - 4 scrolls of teleportation
 y - a scroll of enchant armour {unknown}
Potions
 d - a potion of might
 e - a potion of enlightenment
 g - 2 potions of heal wounds
 k - 2 potions of mutation
 m - a potion of attraction
 p - a potion of ambrosia
 s - a potion of lignification {unknown}


   Skills:
 + Level 10.2 Fighting
 + Level 8.9 Maces & Flails
 + Level 10.0 Armour
 - Level 3.2 Shields


You had 9 spell levels left.
You didn't know any spells.
Your spell library contained the following spells:

 Spells                   Type           Power      Damage    Failure   Level
 Shock                    Conj/Air       0%         1d3       99%         1
 Ensorcelled Hibernation  Hex/Ice        0%         N/A       100%        2
 Inner Flame              Hex/Fire       0%         N/A       100%        3
 Passwall                 Erth           0%         N/A       100%        3
 Swiftness                Air            0%         N/A       100%        3
 Airstrike                Air            0%         2d(0-16)  100%        4
 Dispel Undead            Necr           0%         3d6       100%        4
 Martyr's Knell           Necr/Summ      0%         N/A       100%        4
 Irradiate                Conj/Alch      0%         3d11      100%        5
 Death Channel            Necr           0%         N/A       100%        6
 Haunt                    Necr/Summ      0%         N/A       100%        7
 Borgnjor's Revivificati  Necr           0%         N/A       100%        8
 Ignition                 Fire           0%         3d3       100%        8
 Death's Door             Necr           0%         N/A       100%        9
 Cigotuvi's Dreadful Rot  Necr/Alch/Air  Unusable   N/A       N/A         2

Dungeon Overview and Level Annotations

Branches:
Dungeon (8/15)             Temple (1/1) D:4
   Lair: D:8-11

Altars:
Ashenzari
Dithmenos
Fedhas
Gozag
Hepliaklqana
Kikubaaqudgha
Makhleb
Nemelex Xobeh
Okawaru
Qazlal
Sif Muna
Trog
Uskayaw
Vehumet
Wu Jian
Xom
Zin

Annotations:
D:7 2 transporters, exclusion: statue, Computerfleisch's ghost, novice MiFi


Innate Abilities, Weirdness & Mutations

Your life essence is reduced to manifest your ancestor. (-10% HP)
You are immune to sickness and miasma.
Your stone body is resilient. (AC +7)
You are immune to poison.
You resist negative energy. (rN+)
You are resistant to electric shocks. (rElec)
You are resistant to unholy torment.
You are immune to petrification.


Message History

Unknown command.
You swap places.
The killer bee stings you but does no damage.
You block the killer bee's attack.
Unknown command.
You hit the killer bee.
The killer bee is poisoned.
The killer bee is lightly wounded.
You block the killer bee's attack.
Taya hits the killer bee!
The killer bee stings Taya.
Unknown command.
You miss the killer bee.
The killer bee is almost dead.
You kill the killer bee!
Unknown command.
No target in view!
Unknown command.
No target in view!
A two-headed ogre comes into view.
It is wielding a +0 giant spiked club and a +0 giant club.
The two-headed ogre shouts in stereo!
Found a robe and 33 gold pieces.
Taya hits the two-headed ogre.
The two-headed ogre hits you with a +0 giant spiked club.
The two-headed ogre barely misses you.
You sock the two-headed ogre!
The two-headed ogre is poisoned.
The two-headed ogre is moderately wounded.
Taya hits the two-headed ogre!
The two-headed ogre hits you with a +0 giant spiked club!!
The two-headed ogre barely misses you.
You hit the two-headed ogre but do no damage.
The two-headed ogre looks as sick as possible!
The two-headed ogre is moderately wounded.
Taya hits the two-headed ogre.
You hit the two-headed ogre.
The two-headed ogre looks as sick as possible!
The two-headed ogre is heavily wounded.
Taya hits the two-headed ogre.
The two-headed ogre hits you with a +0 giant spiked club!!
* * * LOW HITPOINT WARNING * * *
The two-headed ogre hits you with a +0 giant club!!
You die...

#)~≈≈≈~≈≈≈~.# #...#
#.~~~≈~≈≈~~.# #.###
#...........# ####.###
#.#######.#.# #....... #.#
#... #####..###. #.##
###.# ####......####
#..###...##...#.##......)
##..............#...#....
#.†.†...@.......##.......
#..#.....RO...... #..####.
#......../.............###
#..###+###......####......
#..#.$...#.#...## #......
#..#.$$.$#.#.##.[ .......
#..#.._$.#.# # . ...#...
#.#.....#.. .. ##..
.#..$.$#... . ###


You could see the friendly Taya the ancestor and a two-headed ogre (extremely
poisoned, ally target).

Vanquished Creatures
  Maggie (D:8)
  A steam dragon (D:8)
  4 water moccasins
  2 black bears (D:6)
  A sky beast (D:7)
  An ice beast (D:5)
  6 orc warriors
  An ogre (D:6)
  2 phantoms
  A kobold brigand (D:8)
  5 scorpions
  2 bullfrogs (D:7)
  11 wights
  4 killer bees (D:8)
  A howler monkey (D:5)
  3 hounds
  A jelly (D:7)
  3 gnoll boudas
  6 orc priests
  2 iguanas (D:5)
  7 orc wizards
  14 adders
  18 gnolls
  An ufetubus (D:5)
  4 ribbon worms
  2 dart slugs
  47 orcs
  13 ball pythons
  2 bats
  6 endoplasms
  6 giant cockroaches
  2 goblins (D:4)
  6 hobgoblins
  2 jackals (D:4)
  A quokka (D:3)
  5 frilled lizards
  7 kobolds
  5 rats
206 creatures vanquished.

Vanquished Creatures (collateral kills)
  A sky beast (D:6)
  An ogre (D:7)
  A kobold brigand (D:7)
  A hound (D:5)
  A sleepcap (D:7)
  2 orc wizards (D:8)
  A gnoll (D:7)
  An orc (D:8)
  5 kobolds
14 creatures vanquished.

Grand Total: 220 creatures vanquished

Notes
Turn   | Place    | Note
-------+----------+-------------------------------------------
     0 | D:1      | Doomgape the Gargoyle Fighter began the quest for the Orb.
     0 | D:1      | Reached XP level 1. HP: 14/14 MP: 1/1
   387 | D:1      | Reached XP level 2. HP: 13/19 MP: 2/2
   993 | D:2      | Reached XP level 3. HP: 24/24 MP: 3/3
  1133 | D:2      | Reached XP level 4. HP: 28/29 MP: 4/4
  1703 | D:3      | Reached XP level 5. HP: 34/34 MP: 5/5
  2853 | D:4      | Found a staircase to the Ecumenical Temple.
  2889 | Temple   | Entered the Ecumenical Temple
  2921 | Temple   | Became a worshipper of Hepliaklqana the Forgotten
  3033 | D:4      | Identified the +3 mace "Ageicuev" {venom, rElec Dex+6}
  3066 | D:4      | Reached XP level 6. HP: 30/40 MP: 6/6
  3072 | D:4      | Reached skill level 5 in Fighting
  3072 | D:4      | Reached skill level 5 in Armour
  3200 | D:4      | Found a sparkling altar of Nemelex Xobeh.
  3639 | D:5      | Entered Level 5 of the Dungeon
  3662 | D:5      | Reached XP level 7. HP: 42/44 MP: 7/7
  3982 | D:5      | Reached skill level 5 in Maces & Flails
  4018 | D:5      | Reached XP level 8. HP: 52/52 MP: 8/8
  4147 | D:5      | Reached * piety under Hepliaklqana
  4238 | D:5      | Found a bloodstained altar of Trog.
  4238 | D:5      | Found a shimmering altar of Xom.
  5113 | D:6      | Reached XP level 9. HP: 53/53 MP: 9/9
  5571 | D:6      | Reached ** piety under Hepliaklqana
  5842 | D:7      | Found a blossoming altar of Fedhas.
  6158 | D:7      | Noticed a kobold demonologist
  6158 | D:7      | Noticed Computerfleisch's ghost (novice MiFi)
  6159 | D:7      | Found a transporter.
  6244 | D:7      | Found a transporter.
  6300 | D:7      | Found a radiant altar of Vehumet.
  6468 | D:8      | Reached XP level 10. HP: 58/59 MP: 10/10
  6749 | D:8      | Noticed Maggie
  6759 | D:8      | Killed Maggie
  6760 | D:8      | Reached skill level 10 in Fighting
  6936 | D:8      | Reached skill level 10 in Armour
  7132 | D:8      | Found a hide-covered altar of Uskayaw.
  7132 | D:8      | Reached *** piety under Hepliaklqana
  7146 | D:8      | Noticed a two-headed ogre
  7153 | D:8      | Slain by a two-headed ogre

Illustrated notes

Levels and vault maps discovered:
D:1:      noname_arrival_rooms_in_the_neighbourhood, layout_loops_corners,
          hangedman_decor_lopped
D:2:      layout_basic, minmay_snake_closets
D:3:      layout_loops_corners, minmay_checkerbox
D:4:      layout_loops_ring, kennysheep_mini_moat,
          minmay_temple_entry_antechambers, kennysheep_nondescript,
          feat_on_display
D:5:      minmay_bubble_buster, layout_basic, jmf_multi_god_temple
D:6:      layout_loops_ring
D:7:      layout_basic, mainiacjoe_overflow_catwalk, vehumet_statue,
          serial_corexii_hall, corexii_hall_statues_x,
          chequers_hall_statues_wall_a, gammafunk_ghost_arena
D:8:      layout_rooms, amcnicky_altar_gilded, nicolae_tso_carved_into_rock,
          special_room [special_room_orc], enter_bailey_4, uniq_maggie
Temple:   grunt_temple_mini_profane

Skill      XL: |  1  2  3  4  5  6  7  8  9 10 |
---------------+-------------------------------+-----
Fighting       | 4 5 6 7 9 10 | 10.2
Armour         | 4 5 6 7 9 10 | 10.0
Maces & Flails | 3 4 5 6 8 |  8.9
Shields        | |  3.2

Action                     |  1- 3 |  4- 6 |  7- 9 | 10-12 || total
---------------------------+-------+-------+-------+-------++-------
  Melee: Flail             |    77 |   131 |       |       ||   208
         Morningstar       |       |    48 |       |       ||    48
         Mace              |       |    59 |   277 |   125 ||   461
 Invoke: Ancestor Identity |       |       |     1 |       ||     1
  Evoke: Wand              |       |       |     3 |       ||     3
    Use: Scroll            |       |     7 |     7 |     1 ||    15
         Potion            |       |       |       |     3 ||     3
   Stab: Distracted        |       |       |       |     1 ||     1
 Armour: Scale mail        |    43 |   101 |       |       ||   144
         Plate armour      |       |    64 |   178 |   109 ||   351
  Dodge: Dodged            |    32 |   115 |   159 |    44 ||   350
  Block: Buckler           |    21 |    47 |    62 |    43 ||   173
